 Dungeon Crawl Stone Soup version 0.21-a0-518-g43a1781 (webtiles) character file.

87 theanonym the Skirmisher (level 4, 0/37 HPs)
             Began as a Demonspawn Fighter on Dec 4, 2017.
             Succumbed to an adder's poison
             ... on level 2 of the Dungeon.
             The game lasted 00:02:50 (1981 turns).

theanonym the Skirmisher (Demonspawn Fighter)       Turns: 1981, Time: 00:02:51

Health: 0/37       AC:  6    Str: 22    XL:     4   Next: 28%
Magic:  4/4        EV:  7    Int: 15    God:
Gold:   123        SH:  9    Dex: 12    Spells: 3/3 levels left

rFire    . . .     SeeInvis .   a - +0 war axe
rCold    . . .     Gourm    .   c - +0 shield
rNeg     . . .     Faith    .   b - +0 scale mail {10}
rPois    .         Spirit   .   (helmet restricted)
rElec    .         Reflect  .   (no cloak)
rCorr    .         Harm     .   (no gloves)
MR       .....                  (no boots)
Stlth    ..........             (no amulet)
HPRegen  0.12/turn              k - ring of wizardry {Wiz}
MPRegen  0.09/turn              (no ring)

@: mighty, brilliant, lethally poisoned (0 -> -3), hasted, very quick
A: antennae 1, talons 1
a: no special abilities


Innate Abilities, Weirdness & Mutations

You have a pair of small antennae on your head.
You have sharp toenails.


   Skills:
 + Level 3.8 Fighting
 * Level 3.5 Axes
 - Level 2.6 Armour
 - Level 2.6 Shields


You had 3 spell levels left.
You didn't know any spells.

Skill      XL: |  1  2  3 |
---------------+----------+-----
Axes           | 2 3 |  3.5
Fighting       | |  3.8
Armour         | |  2.6
Shields        | |  2.6

Action                   |  1- 3 |  4- 6 || total
-------------------------+-------+-------++-------
Melee: War axe           |   131 |     4 ||   135
       Kick              |       |     1 ||     1
  Use: Scroll            |       |     6 ||     6
       Potion            |       |     3 ||     3
  Eat: Chunk             |     3 |       ||     3
Armor: Scale mail        |    89 |     5 ||    94
Dodge: Dodged            |    36 |     1 ||    37
Block: Shield            |    88 |     2 ||    90

Inventory:

Hand Weapons
 a - a +0 war axe (weapon)
Missiles
 j - 5 javelins of penetration (quivered)
Armour
 b - a +0 scale mail (worn) {10}
 c - a +0 shield (worn)
 h - a +0 cloak
   (You found it on level 1 of the Dungeon)
Jewellery
 g - an uncursed ring of positive energy {rN+rN+}
   (You found it on level 2 of the Dungeon)
 k - a ring of wizardry (left hand) {Wiz}
   (You found it on level 1 of the Dungeon)
Scrolls
 t - 2 scrolls of teleportation {!r}
Potions
 d - a potion of might
Comestibles
 e - 2 meat rations
 l - 3 bread rations

Dungeon Overview and Level Annotations

Branches:
Dungeon (3/15)

Altars:
Qazlal
The Shining One


You were on level 2 of the Dungeon.
You were hungry.

You visited 1 branch of the dungeon, and saw 3 of its levels.

You collected 123 gold pieces.


Message History

You feel clever.
Your demonic ancestry asserts itself...
Your toenails lengthen and sharpen.
You hit the gnoll. You closely miss the adder.
You feel sick. The adder bites you but does no damage.
The gnoll hits you but does no damage. The adder bites you.
You are more poisoned.
The adder poisons you! The gnoll hits you with a whip.
* * * LOW HITPOINT WARNING * * *
You take 2 damage, and have 18/37 hp.
MP restored: 4 You are too injured to fight recklessly!
You are too injured to fight recklessly!
You are too injured to fight recklessly!
You are too injured to fight recklessly!
Your shield and scale mail prevent you from hitting the adder.
Your kick misses the adder. You slash the gnoll!
You kill the gnoll!
You feel sick. The adder bites you.
* * * LOW HITPOINT WARNING * * *
You are more poisoned.
The adder poisons you! The adder barely misses you.
You take 3 damage, and have 15/37 hp.
It was a potion of brilliance.
You feel clever all of a sudden.
You feel sick. You block the adder's attack.
The adder bites you but does no damage.
You take 1 damage, and have 14/37 hp.
It was a potion of haste.
You feel yourself speed up.
You feel sick. The adder bites you.
* * * LOW HITPOINT WARNING * * *
You are lethally poisoned!
The adder poisons you!
You take 2 damage, and have 12/37 hp.
You aren't carrying any items that you can evoke.
Okay, then.
You hit the adder but do no damage. Your kick misses the adder.
* * * LOW HITPOINT WARNING * * *
You feel sick. You block the adder's attack.
You take 1 damage, and have 11/37 hp.
You closely miss the adder.
* * * LOW HITPOINT WARNING * * *
You feel sick.
The adder bites you but does no damage. x2
You take 2 damage, and have 9/37 hp.
You feel very mighty all of a sudden.
You closely miss the adder. You claw the adder!
You kill the adder!
* * * LOW HITPOINT WARNING * * *
You feel sick.
You take 1 damage, and have 8/37 hp.
* * * LOW HITPOINT WARNING * * *
You feel sick.
You take 1 damage, and have 7/37 hp.
* * * LOW HITPOINT WARNING * * *
You feel sick.
Unknown command.
Okay, then.
As you read the scroll labeled BIEDUE XU ZEL, it crumbles to dust.
You feel strangely unstable.
It was a scroll of teleportation.
t - 2 scrolls of teleportation
* * * LOW HITPOINT WARNING * * *
You feel sick.
You take 1 damage, and have 6/37 hp.
As you read the scroll labeled PEMURREZIH, it crumbles to dust.
It is a scroll of amnesia.
You feel forgetful for a moment.
As you read the scroll labeled AQU ZEIKHLO, it crumbles to dust.
You hear the distant roaring of an enraged yak.
It was a scroll of random uselessness.
* * * LOW HITPOINT WARNING * * *
You feel sick.
You take 1 damage, and have 5/37 hp.
As you read the scroll labeled APLIOBRUAC, it crumbles to dust.
You feel blessed for a moment.
It was a scroll of remove curse.
As you read the scroll labeled SOSYUCK GEEVI, it crumbles to dust.
You feel momentarily disoriented.
It was a scroll of magic mapping.
Your surroundings suddenly seem different.
* * * LOW HITPOINT WARNING * * *
You feel sick.
You take 1 damage, and have 4/37 hp.
As you read the scroll labeled RAURYS DUMMEL, it crumbles to dust.
It is a scroll of identify.
g - an uncursed ring of positive energy Put on which piece of jewellery? (? for menu, Esc to quit)
k - a ring of wizardry (left hand)
Okay, then.
There is a lethal amount of poison in your body!
* * * LOW HITPOINT WARNING * * *
You feel sick.
You take 1 damage, and have 3/37 hp.
* * * LOW HITPOINT WARNING * * *
You feel sick.
You take 1 damage, and have 2/37 hp.
Unknown command.
* * * LOW HITPOINT WARNING * * *
You feel sick.
You take 1 damage, and have 2/37 hp.
* * * LOW HITPOINT WARNING * * *
You feel sick.
You take 1 damage, and have 1/37 hp.
You die...

#.......#.## #.# ##........####
#.# ####............####.#
#....###.###.......#)#
###.#..###.# #.##.##.#.# #######
#.._.......# #.##.##.#..
#.....###.#.##.##### #.##.......
##.###.##..#..#.#######.##.##.###
................@................
##.###.######.#.#######..........
#.....# #.#.# ####.###### #######
#.#.# #.# # #.#.# #.# # #.#.# #.#
#.#.# #.# #.#.# #.# # #.#.# #.# #


There were no monsters in sight!

Notes
Turn   | Place    | Note
-------+----------+-------------------------------------------
     0 | D:1      | theanonym the Demonspawn Fighter began the quest for the Orb.
     0 | D:1      | Reached XP level 1. HP: 18/18 MP: 1/1
    23 | D:1      | Reached skill level 2 in Axes
    34 | D:1      | Gained mutation: You have a pair of small antennae on your head. [demonic ancestry]
    34 | D:1      | Reached XP level 2. HP: 16/24 MP: 2/2
  1159 | D:2      | Reached XP level 3. HP: 29/29 MP: 3/3
  1274 | D:2      | Reached skill level 3 in Axes
  1466 | D:2      | Found a stormy altar of Qazlal.
  1582 | D:2      | Found a glowing golden altar of the Shining One.
  1950 | D:2      | Gained mutation: You have sharp toenails. [demonic ancestry]
  1950 | D:2      | Reached XP level 4. HP: 25/37 MP: 4/4
  1950 | D:2      | HP: 18/37 [gnoll/whip (5)]
  1955 | D:2      | HP: 9/37 [poisoned by an adder]
  1960 | D:2      | HP: 7/37 [poisoned by an adder]
  1966 | D:2      | HP: 4/37 [poisoned by an adder]
  1971 | D:2      | HP: 2/37 [poisoned by an adder]
  1977 | D:2      | HP: 1/37 [poisoned by an adder]
  1981 | D:2      | Succumbed to an adder's poison

Vanquished Creatures
  2 gnolls (D:2)
  2 adders (D:2)
  An ooze (D:2)
  A leopard gecko (D:2)
  5 bats
  3 giant cockroaches
  5 hobgoblins
  4 jackals (D:1)
  4 kobolds (D:1)
  A quokka (D:2)
  A ball python (D:2)
  3 frilled lizards
  6 goblins
  3 rats (D:1)
41 creatures vanquished.

Table legend:
 A = Turns spent in this place as a percentage of turns spent in the entire game.
 B = Non-inter-level travel turns spent in this place as a percentage of non-inter-level travel turns spent in the entire game.
 C = Inter-level travel turns spent in this place as a percentage of turns spent in this place.
 D = Turns resting spent in this place as a percentage of non-inter-level travel turns spent in this place.
 E = Turns spent auto-exploring this place as a percentage of non-inter-level travel turns spent in this place.
 F = Non-inter-level travel turns spent in this place divided by the number of levels of this place that you've seen.
                   A       B       C       D       E      F
               +-------+-------+-------+-------+-------+----------------------
         Total | 100.0 | 100.0 |   2.5 |  12.6 |  73.0 | 644.0
       Dungeon | 100.0 | 100.0 |   2.5 |  12.6 |  73.0 | 644.0
               +-------+-------+-------+-------+-------+----------------------
